 Dungeon Crawl Stone Soup version 0.31-a0-152-g6aa68a64a1 (webtiles) character file.

Game seed: 1032989820777046626

108 qw the Shooter (level 4, 0/42 HPs)
             Began as a Naga Hunter on June 10, 2023.
             Slain by a gnoll
             ... wielding a +0 halberd
              (14 damage)
             ... on level 3 of the Dungeon.
             The game lasted 00:00:41 (1901 turns).

qw the Shooter (Naga Hunter)                        Turns: 1901, Time: 00:00:41

Health: 0/42       AC:  3    Str: 13    XL:     4   Next: 87%
Magic:  4/4        EV:  9    Int:  9    God:
Gold:   115        SH:  0    Dex: 17    Spells: 3/3 levels left

rFire   . . .        Y - +0 shortbow
rCold   . . .        (shield currently unavailable)
rNeg    . . .        c - +0 leather armour
rPois   +            (no helmet)
rElec   .            (no cloak)
rCorr   .            f - +0 pair of gloves
SInv    +            (no barding)
Will    .....        (no amulet)
Stlth   ++           (no ring)
HPRegen 0.27/turn    (no ring)
MPRegen 0.09/turn

%: no passive effects
@: short of breath, very slow
A: AC +1, large, see invisible, deformed body, poison resistance, slowness 2,
spit poison 1, naga tail 1
a: Spit Poison


You were on level 3 of the Dungeon.
You visited 1 branch of the dungeon, and saw 3 of its levels.

You collected 115 gold pieces.


Innate Abilities, Weirdness & Mutations

Your serpentine skin is tough. (AC +1)
You have supernaturally acute eyesight. (SInv)
Armour fits poorly on your strangely shaped body.
Your system is resistant to poisons. (rPois)
You cover ground very slowly.
You can spit poison.
You have a snake-like lower body.


   Skills:
 - Level 3.0 Fighting
 + Level 5.1 Ranged Weapons
 - Level 1.5 Dodging
 - Level 1.5 Stealth


You had 3 spell levels left.
You didn't know any spells.
Your spell library was empty.

Inventory:

Hand Weapons
 Y - a +0 shortbow (weapon)
Armour
 c - a +0 leather armour (worn)
 f - a +0 pair of gloves (worn)
Jewellery
 b - a ring of resist corrosion
 d - the ring "Geiz" {*Slow rElec rN++ Will+}
   (You found it on level 3 of the Dungeon)

   [ring of willpower]

   rElec:     It insulates you from electricity.
   rN:        It greatly protects you from negative energy.
   *Slow:     It may slow you when you take damage.
   Will:      It increases your willpower.
Scrolls
 a - a scroll of identify
Potions
 e - a potion of mutation
 h - a potion of magic {unknown}
 j - a potion of might {unknown}
 k - a potion of curing {unknown}
 l - a potion of heal wounds
 n - a potion of degeneration {unknown}

Dungeon Overview and Level Annotations

Branches:
Dungeon (3/15)

Altars:

Shops:
D:2 =

Annotations:
D:2 1 runed translucent door, Crazy Yiuf


Message History

The gnoll barely misses you.
Enter note:
1892 ||| INVOKING Spit Poison.
Aiming: Spit Poison (1% risk of failure)
Press: ? - help, Shift-Dir - straight line, f/p - gnoll The splash of poison hits the gnoll.
The gnoll is almost dead.
The gnoll hits you with a +0 club.
The gnoll hits you from afar with a +0 halberd!
You shoot an arrow. The arrow hits the gnoll.
You kill the gnoll!
The gnoll closely misses you.
Your Fighting skill increases to level 3!
You shoot an arrow. The arrow closely misses the gnoll.
You have got your breath back.
The gnoll hits you from afar with a +0 halberd.
1895 ||| INVOKING Spit Poison.
Aiming: Spit Poison (1% risk of failure)
Press: ? - help, Shift-Dir - straight line, f/p - gnoll The splash of poison misses the gnoll.
You shoot an arrow. The arrow hits the gnoll!
The gnoll is heavily wounded.
You shoot an arrow. The arrow hits the gnoll.
The gnoll is severely wounded.
The gnoll hits you from afar with a +0 spear.
You shoot an arrow. The arrow closely misses the gnoll.
You have got your breath back.
The gnoll hits you from afar with a +0 spear.
The gnoll barely misses you.
1899 ||| INVOKING Spit Poison.
Aiming: Spit Poison (1% risk of failure)
Press: ? - help, Shift-Dir - straight line, f/p - gnoll The splash of poison hits the gnoll.
The gnoll is poisoned.
You kill the gnoll!
You shoot an arrow. The arrow completely misses the gnoll.
The gnoll hits you from afar with a +0 halberd.
You shoot an arrow. The arrow hits the gnoll.
The gnoll is lightly wounded.
The gnoll hits you from afar with a +0 halberd!
You die...

..# #....# #.......#
..###....##########)......#
)..........................
..###%...#########........#
..# #....# ###........# ..#
#....# #....####### ..#
#....# #....# ### #....#
#....# #....# #@)..# #....#
###g## .... g.....#
.......# ####.#### #.# #.#


You could see a gnoll.

Vanquished Creatures
  2 gnolls (D:3)
  3 adders
  2 worms
  2 dart slugs (D:2)
  2 orcs (D:3)
  3 endoplasms
  A giant cockroach (D:1)
  3 goblins
  6 hobgoblins
  2 jackals (D:3)
  4 kobolds
  3 quokkas
  4 ball pythons
  6 bats
  3 frilled lizards
  3 rats (D:2)
49 creatures vanquished.

Notes
Turn   | Place    | Note
-------+----------+-------------------------------------------
     0 | D:1      | qw the Naga Hunter began the quest for the Orb.
     0 | D:1      | Reached XP level 1. HP: 19/19 MP: 1/1
     0 | D:1      | 0 ||| qw: Version: 0.2-a-123-gb51047a
     0 | D:1      | 0 ||| qw: Game counter: 3743
     0 | D:1      | 0 ||| qw: Always use a shield: true
     0 | D:1      | 0 ||| qw: God list: Okawaru
     0 | D:1      | 0 ||| qw: Allow faded altars: false
     0 | D:1      | 0 ||| qw: Do Orc after D:15 true
     0 | D:1      | 0 ||| qw: Do second Lair branch before Depths: true
     0 | D:1      | 0 ||| qw: Lair rune preference: random
     0 | D:1      | 0 ||| qw: Plans: Normal
     0 | D:1      | 0 ||| PLANNING D:1-11
    95 | D:1      | 95 ||| INVOKING Spit Poison.
   138 | D:1      | 138 ||| INVOKING Spit Poison.
   139 | D:1      | 139 ||| INVOKING Spit Poison.
   198 | D:1      | 198 ||| INVOKING Spit Poison.
   273 | D:1      | 273 ||| INVOKING Spit Poison.
   277 | D:1      | 277 ||| INVOKING Spit Poison.
   331 | D:1      | Reached skill level 4 in Ranged Weapons
   331 | D:1      | Reached XP level 2. HP: 26/26 MP: 2/2
   350 | D:1      | 350 ||| INVOKING Spit Poison.
   351 | D:1      | 351 ||| INVOKING Spit Poison.
   364 | D:1      | Found a faded altar of an unknown god.
   425 | D:1      | 425 ||| INVOKING Spit Poison.
   482 | D:1      | 482 ||| INVOKING Spit Poison.
   608 | D:1      | 608 ||| INVOKING Spit Poison.
   717 | D:1      | 717 ||| UPGRADING to +0 pair of gloves.
   722 | D:1      | 722 ||| READING 2 scrolls labelled ODUR XOEPLIRR.
   723 | D:1      | 723 ||| READING scroll labelled PIDWEK OJEXUIH.
   724 | D:1      | 724 ||| READING scroll labelled QAR FORRUSUI.
   725 | D:1      | 725 ||| DRINKING 2 purple potions.
   726 | D:1      | 726 ||| DROPPING scroll of butterflies.
   767 | D:2      | 767 ||| INVOKING Spit Poison.
   800 | D:2      | 800 ||| INVOKING Spit Poison.
   801 | D:2      | 801 ||| INVOKING Spit Poison.
   805 | D:2      | 805 ||| INVOKING Spit Poison.
   808 | D:2      | Reached XP level 3. HP: 27/32 MP: 3/3
   889 | D:2      | 889 ||| INVOKING Spit Poison.
   910 | D:2      | 910 ||| INVOKING Spit Poison.
   916 | D:2      | 916 ||| INVOKING Spit Poison.
   958 | D:2      | Found Riczicus's Jewellery Shop.
   972 | D:2      | 972 ||| SHOPLISTING amulet of faith (400 gold, have 84).
   972 | D:2      | 972 ||| SHOPLISTING ring "Janyis" {Fire rN+} (362 gold,
                  | have 84).
   972 | D:2      | 972 ||| SHOPLISTING ring of resist corrosion (200 gold,
                  | have 84).
  1083 | D:2      | Found a runed translucent door.
  1084 | D:2      | Noticed Crazy Yiuf
  1111 | D:2      | 1111 ||| INVOKING Spit Poison.
  1121 | D:2      | 1121 ||| INVOKING Spit Poison.
  1160 | D:2      | 1160 ||| INVOKING Spit Poison.
  1163 | D:2      | 1163 ||| INVOKING Spit Poison.
  1176 | D:2      | 1176 ||| INVOKING Spit Poison.
  1329 | D:2      | 1329 ||| INVOKING Spit Poison.
  1574 | D:2      | 1574 ||| READING scroll labelled POS LAATSO.
  1575 | D:2      | 1575 ||| DRINKING 2 glowing clear potions.
  1576 | D:2      | 1576 ||| READING 4 scrolls of identify.
  1576 | D:2      | 1576 ||| IDENTIFYING fizzy green potion
  1577 | D:2      | 1577 ||| READING 3 scrolls of identify.
  1577 | D:2      | 1577 ||| IDENTIFYING fizzy golden potion
  1578 | D:2      | 1578 ||| READING 2 scrolls of identify.
  1578 | D:2      | 1578 ||| IDENTIFYING fizzy dark potion
  1579 | D:2      | 1579 ||| DROPPING potion of lignification.
  1580 | D:2      | 1580 ||| DROPPING potion of brilliance.
  1581 | D:2      | 1581 ||| DROPPING potion of ambrosia.
  1633 | D:3      | 1633 ||| INVOKING Spit Poison.
  1638 | D:3      | 1638 ||| INVOKING Spit Poison.
  1641 | D:3      | Reached skill level 5 in Ranged Weapons
  1642 | D:3      | 1642 ||| INVOKING Spit Poison.
  1649 | D:3      | 1649 ||| INVOKING Spit Poison.
  1650 | D:3      | Reached XP level 4. HP: 37/39 MP: 4/4
  1666 | D:3      | 1666 ||| INVOKING Spit Poison.
  1669 | D:3      | 1669 ||| INVOKING Spit Poison.
  1675 | D:3      | Identified the ring "Geiz" {*Slow rElec rN++ Will+}
  1759 | D:3      | 1759 ||| INVOKING Spit Poison.
  1762 | D:3      | 1762 ||| INVOKING Spit Poison.
  1774 | D:3      | 1774 ||| INVOKING Spit Poison.
  1777 | D:3      | 1777 ||| INVOKING Spit Poison.
  1780 | D:3      | 1780 ||| INVOKING Spit Poison.
  1817 | D:3      | 1817 ||| INVOKING Spit Poison.
  1822 | D:3      | 1822 ||| INVOKING Spit Poison.
  1852 | D:3      | 1852 ||| INVOKING Spit Poison.
  1863 | D:3      | 1863 ||| INVOKING Spit Poison.
  1887 | D:3      | 1887 ||| INVOKING Spit Poison.
  1888 | D:3      | 1888 ||| Stepping ~*~*~tactically~*~*~ (outnumbered).
  1891 | D:3      | 1891 ||| Stepping ~*~*~tactically~*~*~ (outnumbered).
  1892 | D:3      | 1892 ||| INVOKING Spit Poison.
  1894 | D:3      | Reached skill level 3 in Fighting
  1895 | D:3      | 1895 ||| INVOKING Spit Poison.
  1899 | D:3      | 1899 ||| INVOKING Spit Poison.
  1901 | D:3      | Slain by a gnoll

Levels and vault maps discovered:
D:1:      beargit_arrival_diablo_church, layout_basic,
          dreamdust_ecumenical_altar_statues
D:2:      layout_loops_corners, serial_shops, shop, minmay_box_of_dots,
          uniq_crazy_yiuf_cottage
D:3:      layout_basic, lightli_temple_of_fire, uniq_grinder

Skill      XL: |  1  2  3  4 |
---------------+-------------+-----
Ranged Weapons | 4 5 |  5.1
Fighting       | 3 |  3.0
Dodging        | |  1.5
Stealth        | |  1.5

Action                     |  1- 3 |  4- 6 || total
---------------------------+-------+-------++-------
   Fire: Shortbow          |    51 |    37 ||    88
Ability: Spit Poison       |    25 |    15 ||    40
    Use: Scroll            |     7 |       ||     7
         Potion            |     2 |       ||     2
 Armour: Leather armour    |     2 |     6 ||     8
  Dodge: Dodged            |     6 |     9 ||    15

Table legend:
 A = Non-vault XP
 B = Vault XP
 C = Vault XP percentage of total XP
 D = Non-vault monster count
 E = Vault monster count
 F = Vault count percentage of total count
                 A         B        C        D         E       F
            +---------+---------+-------+---------+---------+-------
      Total |     140 |      15 |   9.7 |      47 |       2 |   4.1
            +---------+---------+-------+---------+---------+-------
        D:1 |      20 |       0 |   0.0 |      12 |       0 |   0.0
        D:2 |      36 |      15 |  29.4 |      17 |       2 |  10.5
        D:3 |      84 |       0 |   0.0 |      18 |       0 |   0.0
            +---------+---------+-------+---------+---------+-------
